 Dungeon Crawl Stone Soup version 0.27.0-1-g7a089689b8 (webtiles) character file.

Game seed: 1219312910496168357

82290 avis the Martial Artist (level 15, 0/181 HPs)
             Began as an Octopode Transmuter on Aug 15, 2021.
             Was an Initiate of Gozag.
             Shot with an arrow by a naga sharpshooter (18 damage)
             ... on level 2 of the Snake Pit on Aug 18, 2021.
             The game lasted 03:35:14 (31998 turns).

avis the Martial Artist (Octopode Transmuter)      Turns: 31998, Time: 03:35:17

Health: 0/181      AC: 11    Str: 19    XL:     15   Next: 73%
Magic:  29/30      EV: 14    Int: 28    God:    Gozag
Gold:   2545       SH:  5    Dex: 21    Spells: 9/36 levels left

rFire    x . .     SeeInvis .     - Unarmed
rCold    + + +     Faith    .   (shield currently unavailable)
rNeg     + . .     Spirit   .   (helmet currently unavailable)
rPois    +         Reflect  +   a - amulet of reflection
rElec    .         Harm     .   j - +6 ring of strength
rCorr    .         Rampage  .   S - ring of flight
Will     +....                  n - +4 ring of evasion
Stlth    ..........             q - +6 ring of intelligence
HPRegen  0.40/turn              T - ring of positive energy
MPRegen  0.22/turn              k - +6 ring of dexterity
                                V - +6 ring of intelligence
                                U - ring of poison resistance

@: berserking (expiring), ice-form, gold aura, flying, constricted, very quick
A: freezing attack, boosted hp, almost no armour, amphibious, 8 rings, large,
(camouflage 1), (gelatinous body 1), (nimble swimmer 1), (tentacles)
a: End Transformation, Renounce Religion, Potion Petition, Call Merchant, Bribe
Branch


You were on level 2 of the Snake Pit.
You worshipped Gozag.
Gozag was most pleased with you.
You were a creature of crystalline ice.
You visited 5 branches of the dungeon, and saw 20 of its levels.
You also visited: Sewer, Ossuary and Ice Cave.

You collected 5885 gold pieces.
You spent 2031 gold pieces at shops.
You paid 1309 gold pieces to Gozag.

Inventory:

Missiles
 G - 13 throwing nets
Armour
 l - a +0 buckler (melded)
 s - the +2 shield of Resistance {rF++ rC++ Will++}
   (You found it on level 6 of the Lair of Beasts)

   rF:        It greatly protects you from fire.
   rC:        It greatly protects you from cold.
   Will:      It greatly increases your willpower.
Jewellery
 a - an amulet of reflection (around neck)
 j - a +6 ring of strength (left front paw)
 k - a +6 ring of dexterity (on tentacle)
 n - a +4 ring of evasion (on tentacle)
 q - a +6 ring of intelligence (on tentacle)
 v - a ring of protection from cold
 D - a ring of fire
 S - a ring of flight (right front paw)
 T - a ring of positive energy (on tentacle)
 U - a ring of poison resistance (on tentacle)
 V - a +6 ring of intelligence (on tentacle)
Wands
 d - a wand of mindburst (27)
 h - a wand of flame (71)
 m - a wand of paralysis (17)
 u - a wand of iceblast (32)
 E - a wand of digging (11)
 P - a wand of acid (10)
 W - a wand of charming (17)
Scrolls
 g - 6 scrolls of fog
 o - 5 scrolls of magic mapping
 t - 5 scrolls of fear
 x - 19 scrolls of teleportation
 B - 3 scrolls of blinking
Potions
 f - 3 potions of haste
 p - 7 potions of curing
 z - 3 potions of invisibility
 C - 2 potions of magic
 H - 6 potions of ambrosia
 K - 3 potions of brilliance
 L - 2 potions of resistance
 M - 8 potions of might
 N - 5 potions of cancellation
 O - 2 potions of berserk rage
Miscellaneous
 w - a phantom mirror
 y - a condenser vane


   Skills:
 - Level 9.0 Fighting
 - Level 5.0 Dodging
 - Level 6.0 Stealth
 * Level 12.7 Shields
 - Level 14.0 Unarmed Combat
 - Level 11.0 Spellcasting
 - Level 12.0 Transmutations
 - Level 4.0 Ice Magic
 - Level 2.0 Poison Magic


You had 9 spell levels left.
You knew the following spells:

 Your Spells              Type           Power      Damage    Failure   Level
a - Beastly Appendage     Tmut           100%       N/A       1%          1
c - Passwall              Tmut/Erth      40%        N/A       1%          2
e - Wereblood             Tmut           70%        N/A       1%          2
o - Ozocubu's Armour      Ice            37%        N/A       1%          3
p - Spider Form           Tmut/Pois      26%        N/A       1%          3
q - Ice Form              Ice/Tmut       57%        N/A       1%          4
B - Blade Hands           Tmut           35%        N/A       1%          5
D - Dragon Form           Tmut           35%        N/A       22%         7

Your spell library contained the following spells:

 Spells                   Type           Power      Damage    Failure   Level
 Ensorcelled Hibernation  Hex/Ice        52%        N/A       2%          2
 Animate Skeleton         Necr           30%        N/A       3%          1
 Apportation              Tloc           30%        N/A       3%          1
 Corona                   Hex            16%        N/A       3%          1
 Summon Small Mammal      Summ           60%        N/A       3%          1
 Alistair's Intoxication  Tmut/Pois      35%        N/A       5%          5
 Irradiate                Conj/Tmut      24%        3d22      9%          5
 Yara's Violent Unravell  Hex/Tmut       24%        3d11      9%          5
 Call Canine Familiar     Summ           15%        N/A       11%         3
 Dazzling Flash           Conj/Hex       30%        N/A       11%         3
 Inner Flame              Hex/Fire       15%        N/A       11%         3
 Portal Projectile        Hex/Tloc       30%        N/A       11%         3
 Stone Arrow              Conj/Erth      30%        3d8       11%         3
 Swiftness                Air            15%        N/A       11%         3
 Tukima's Dance           Hex            15%        N/A       11%         3
 Eringya's Noxious Bog    Tmut/Pois      26%        N/A       30%         6
 Cause Fear               Hex            7%         N/A       34%         4
 Iskenderun's Mystic Bla  Conj/Tloc      15%        2d5       34%         4
 Leda's Liquefaction      Hex/Erth       7%         N/A       34%         4
 Passage of Golubria      Tloc           N/A        N/A       34%         4
 Metabolic Englaciation   Hex/Ice        13%        N/A       41%         5
 Borgnjor's Vile Clutch   Necr/Erth      7%         N/A       69%         5
 Silence                  Hex/Air        7%         N/A       69%         5
 Simulacrum               Ice/Necr       13%        N/A       94%         6
 Conjure Ball Lightning   Conj/Air       7%         3x3d6     99%         6
 Invisibility             Hex            7%         N/A       99%         6
 Shadow Creatures         Summ           N/A        N/A       99%         6
 Starburst                Conj/Fire      7%         8x6d4     99%         6
 Borgnjor's Revivificati  Necr           7%         N/A       100%        8
 Discord                  Hex            7%         N/A       100%        8
 Disjunction              Tloc           7%         N/A       100%        8
 Lehudib's Crystal Spear  Conj/Erth      7%         10d3      100%        8
 Necromutation            Tmut/Necr      24%        N/A       100%        8
 Death's Door             Necr           7%         N/A       100%        9
 Animate Armour           Summ/Erth      Unusable   N/A       N/A         4

Dungeon Overview and Level Annotations

Branches:
Dungeon (9/15)             Temple (1/1) D:4            Lair (6/6) D:8
 Shoals (2/4) Lair:2        Snake (2/4) Lair:3        Slime (0/5) Lair:5
  Sewer (visited)         Ossuary (visited)           IceCv (visited)
    Orc: D:9-12

Altars:
Ashenzari
Fedhas
Gozag
Kikubaaqudgha
Nemelex Xobeh
Okawaru
Ru
The Shining One
Jiyva

Shops:
D:1 *   D:6 *!*[:   D:7 (   Shoals:1 (

Annotations:
Shoals:2 3 runed translucent doors, fiver49's ghost, adept VSAr


Innate Abilities, Weirdness & Mutations

You are a creature of crystalline ice.
You have a powerful freezing melee attack.
Your maximum health is increased.
Your armour is entirely melded.
You are incapable of wielding weapons or throwing items.
You cannot wear most types of armour.
You are amphibious.
You can wear up to eight rings at the same time.
((Your skin changes colour to match your surroundings (Stealth+).))
((Your rubbery body absorbs attacks. (AC +1, EV +1)))
((You are camouflaged near water. (Stealth+)))
((You have tentacles for arms and can constrict up to eight enemies at once.))


Message History

The naga sharpshooter spits poison at you.
The splash of poison misses you.
You punch the naga sharpshooter! You freeze the naga sharpshooter.
You kill the naga sharpshooter!
The naga sharpshooter mumbles some strange words.
The naga sharpshooter magically shoots an arrow.
The arrow barely misses you.
You pummel the naga sharpshooter!! You freeze the naga sharpshooter.
The naga sharpshooter is severely wounded.
The naga sharpshooter shoots an arrow.
The arrow barely misses you.
You pulverise the naga sharpshooter!!!
You freeze the naga sharpshooter.
You kill the naga sharpshooter!
The naga sharpshooter casts a spell.
The naga sharpshooter magically shoots an arrow.
The arrow hits you!!
* * * LOW HITPOINT WARNING * * *
Items here: $ ( )).
You feel a strong urge to attack something.
The naga sharpshooter shoots an arrow.
The arrow hits you!
* * * LOW HITPOINT WARNING * * *
You pummel the naga sharpshooter like a punching bag!!!
You freeze the naga sharpshooter.
The naga sharpshooter is heavily wounded.
The naga sharpshooter unwields a +0 shortbow.
The naga sharpshooter wields a +0 halberd.
The naga sharpshooter barely misses you.
The naga sharpshooter grabs you. The naga sharpshooter constricts you.
You barely miss the naga sharpshooter.
The naga sharpshooter is heavily wounded.
You hit the naga sharpshooter. You freeze the naga sharpshooter.
The naga sharpshooter is heavily wounded.
You punch the naga sharpshooter! You freeze the naga sharpshooter.
The naga sharpshooter is severely wounded.
The naga sharpshooter unwields a +0 halberd.
The naga sharpshooter wields a +0 shortbow.
The naga sharpshooter casts a spell.
The naga sharpshooter magically shoots an arrow.
The arrow hits you!!
You die...
Your body crumbles into a pile of gold.

#...#...#...........#....
##....#...#..###.###...##
#......##.......###.#.#.
#......###.##.##.#.#....
#..#...###.##.# #.......
#.#.##.##..##.###.##.###
##.###...#........##.#
####..N..#########.##
#..#.Y..# #.#.#
#.###$.#########..#
###.##.$#.......#.##.#
#...#.....#####..#####
####.......# ##....#
######### ##..## ####


You could see a naga sharpshooter.

Vanquished Creatures
  Kirke (Snake:1)
  A dire elephant (Lair:6)
  2 merfolk impalers (Shoals:2)
  Harold (D:8)
  2 naga warriors
  9 hydras
  3 boulder beetles
  2 catoblepae
  4 anacondas
  2 merfolk avatars (Shoals:2)
  A merfolk aquamancer (Shoals:2)
  An alligator snapping turtle (Shoals:2)
  2 two-headed ogres
  10 death yaks
  A deep troll shaman (Lair:6)
  6 naga sharpshooters
  Urug (Lair:3)
  2 shock serpents (Snake:1)
  A sea snake (Shoals:1)
  A lindwurm (Lair:5)
  2 naga ritualists (Snake:1)
  3 harpies (Shoals:1)
  A wolf spider (Lair:6)
  5 mana vipers (Snake:1)
  3 manticores
  4 salamanders
  An ugly thing (IceCv)
  An oklob plant (Lair:6)
  16 elephants
  2 naga magi
  3 ice statues (IceCv)
  A guardian serpent (Snake:1)
  9 black mambas
  Maggie (D:7)
  9 cane toads
  6 komodo dragons
  A rime drake (Lair:2)
  A freezing wraith (IceCv)
  2 entropy weaver simulacra (IceCv)
  A kobold demonologist (D:9)
  4 harpy zombies (Shoals:1)
  A queen bee (Lair:5)
  A troll (D:9)
  8 merfolk
  3 meliai (Lair:5)
  A wind drake (Shoals:2)
  4 polar bears
  2 dream sheep
  8 blink frogs
  4 snapping turtles
  3 wraiths
  3 water elementals
  A spriggan (Lair:3)
  5 wyverns
  20 yaks
  4 hogs (Snake:1)
  2 death yak simulacra (IceCv)
  Menkaure (D:7)
  2 harpy simulacra (IceCv)
  Edmund (D:4)
  14 nagas
  An acid dragon (D:8)
  10 water moccasins
  4 black bears
  A necrophage (D:5)
  2 manticore zombies (Shoals:1)
  13 wolves
  2 orc warriors
  4 sky beasts
  2 ice beasts (D:7)
  2 ogres
  3 centaurs
  3 kobold brigands
  A gnoll sergeant (D:7)
  11 bullfrogs
  A wyvern zombie (D:6)
  6 scorpions
  2 cane toad simulacra
  A wyvern skeleton (D:5)
  35 killer bees
  An elephant simulacrum (IceCv)
  4 wights (Ossuary)
  3 electric eels
  5 centaur zombies
  4 hounds
  3 jellies
  3 orc priests
  2 gnoll shamans
  Jessica (D:2)
  A centaur skeleton (D:6)
  2 iguanas (D:6)
  2 orc wizards
  A scorpion zombie (D:5)
  A wolf simulacrum (Lair:2)
  22 gnolls
  13 adders
  3 river rats (Sewer)
  3 white imps
  4 ufetubi
  An adder skeleton (D:5)
  An adder zombie (Ossuary)
  2 worms
  A dart slug (D:3)
  11 orcs
  9 bats
  3 bat zombies
  7 endoplasms
  A giant cockroach (D:4)
  9 goblins
  6 hobgoblins
  8 jackals
  24 kobolds
  5 quokkas
  20 ball pythons
  A ball python skeleton (Ossuary)
  4 frilled lizards
  2 hobgoblin skeletons (Ossuary)
  3 kobold zombies (Ossuary)
  An orc zombie (Ossuary)
  A quokka skeleton (D:4)
  29 rats
  2 rat zombies (D:4)
550 creatures vanquished.

Vanquished Creatures (others)
  A human (Snake:1)
  7 bushes (Lair:6)
  26 fungi
  43 plants
77 creatures vanquished.

Grand Total: 627 creatures vanquished

Notes
Turn   | Place    | Note
-------+----------+-------------------------------------------
     0 | D:1      | avis the Octopode Transmuter began the quest for the Orb.
     0 | D:1      | Reached XP level 1. HP: 13/13 MP: 3/3
   194 | D:1      | Reached skill level 1 in Stealth
   371 | D:1      | Reached XP level 2. HP: 13/18 MP: 3/5
   805 | D:1      | Found Efaciz's Assorted Antiques.
  1333 | D:2      | Reached skill level 1 in Poison Magic
  1365 | D:2      | Reached XP level 3. HP: 24/24 MP: 6/6
  1557 | D:2      | Learned a level 3 spell: Spider Form
  1741 | D:2      | Reached XP level 4. HP: 29/29 MP: 4/7
  1838 | D:2      | Noticed Jessica
  1851 | D:2      | Killed Jessica
  2678 | D:3      | Reached XP level 5. HP: 23/34 MP: 8/8
  2688 | D:3      | Reached skill level 4 in Unarmed Combat
  3461 | D:3      | Learned a level 4 spell: Ice Form
  3532 | D:4      | Reached skill level 5 in Unarmed Combat
  3711 | D:4      | Reached XP level 6. HP: 39/39 MP: 9/9
  3727 | D:4      | Found an ancient bone altar of Kikubaaqudgha.
  3936 | D:4      | Found a staircase to the Ecumenical Temple.
  3945 | Temple   | Entered the Ecumenical Temple
  3957 | Temple   | Became a worshipper of Gozag Ym Sagoz the Greedy
  4355 | D:4      | Noticed Edmund
  4373 | D:4      | Killed Edmund
  4374 | D:4      | Reached XP level 7. HP: 44/46 MP: 7/10
  4806 | D:1      | Bought a murky ruby potion for 23 gold pieces
  4806 | D:1      | Bought 3 scrolls labelled GUIMEZE MYSE for 78 gold pieces
  4806 | D:1      | Bought a scroll labelled ISCHEYJ JECLUWK for 26 gold pieces
  4806 | D:1      | Bought a scroll labelled SEDA COEGHEMIL for 26 gold pieces
  4943 | D:5      | Entered Level 5 of the Dungeon
  4982 | D:5      | Reached skill level 6 in Unarmed Combat
  5229 | D:5      | Reached skill level 7 in Unarmed Combat
  5229 | D:5      | Reached XP level 8. HP: 51/53 MP: 8/12
  5869 | D:6      | Found Taosos's Armour Shop.
  5910 | D:6      | Found Makir's Distillery.
  5944 | D:6      | Found Naxazan's General Store.
  5989 | D:6      | Found Dale's Book Emporium.
  6010 | D:6      | Reached skill level 8 in Unarmed Combat
  6044 | D:6      | Found a glowing drain.
  6058 | Sewer    | Entered a sewer
  6333 | Sewer    | Reached skill level 5 in Fighting
  6968 | D:6      | Reached skill level 9 in Unarmed Combat
  6968 | D:6      | Reached XP level 9. HP: 35/61 MP: 10/13
  7181 | D:6      | Bought a book of Winter for 476 gold pieces
  7185 | D:6      | Learned a level 3 spell: Ozocubu's Armour
  7286 | D:6      | Bought a potion of ambrosia for 112 gold pieces
  7398 | D:6      | Found Dyrphyuhe's General Store.
  7578 | D:6      | Reached skill level 1 in Ice Magic
  7802 | D:6      | Bought a scroll of fog for 26 gold pieces
  7802 | D:6      | Bought a scroll of identify for 26 gold pieces
  7802 | D:6      | Bought a scroll of identify for 26 gold pieces
  7966 | D:7      | Noticed Menkaure
  7975 | D:7      | Killed Menkaure
  8008 | D:7      | Found a sand-covered staircase.
  8013 | Ossuary  | Entered an ossuary
  8596 | Ossuary  | Reached skill level 5 in Transmutations
  9067 | D:7      | Noticed Maggie
  9080 | D:7      | Killed Maggie
  9497 | D:7      | Reached skill level 10 in Unarmed Combat
  9546 | D:7      | Reached XP level 10. HP: 61/66 MP: 10/14
  9969 | D:7      | Found Geukilis's Antique Weapon Boutique.
 10421 | D:6      | Bought a scroll of brand weapon for 260 gold pieces
 10845 | D:8      | Noticed a two-headed ogre
 10852 | D:8      | Killed a two-headed ogre
 10853 | D:8      | Reached skill level 5 in Dodging
 11288 | D:8      | Reached skill level 11 in Unarmed Combat
 11397 | D:8      | Noticed Harold
 11415 | D:8      | Killed Harold
 12003 | D:8      | Reached XP level 11. HP: 72/72 MP: 12/17
 12061 | D:8      | Found a staircase to the Lair.
 12474 | D:8      | Reached skill level 12 in Unarmed Combat
 13089 | Lair:1   | Entered Level 1 of the Lair of Beasts
 13516 | Lair:1   | Identified the +9 falchion of the Gloaming {flame, +Blink
                  | rF+++ Will- Stlth+}
 13790 | Lair:1   | Noticed a four-headed hydra
 13804 | Lair:1   | Killed a four-headed hydra
 14781 | D:6      | Bought a book of Transfigurations for 560 gold pieces
 14787 | D:6      | Learned a level 5 spell: Blade Hands
 15226 | Lair:2   | Found a frozen archway.
 15254 | IceCv    | Entered an ice cave
 15482 | IceCv    | Noticed a white ugly thing
 15504 | IceCv    | Killed a white ugly thing
 15505 | IceCv    | Reached skill level 13 in Unarmed Combat
 15849 | IceCv    | Reached skill level 1 in Shields
 15943 | IceCv    | Reached XP level 12. HP: 72/82 MP: 15/18
 16041 | Lair:2   | Noticed a boulder beetle
 16055 | Lair:2   | Killed a boulder beetle
 16067 | Lair:2   | Noticed a four-headed hydra
 16072 | Lair:2   | HP: 4/100 [four-headed hydra (7)]
 16078 | Lair:2   | Killed a four-headed hydra
 16510 | Lair:2   | Reached skill level 5 in Spellcasting
 16526 | Lair:2   | Found a staircase to the Shoals.
 17413 | Lair:3   | Found a staircase to the Snake Pit.
 17425 | Lair:3   | Noticed Urug
 17502 | Lair:3   | Killed Urug
 17609 | Lair:2   | Learned a level 7 spell: Dragon Form
 18770 | D:6      | Bought a book of Burglary for 392 gold pieces
 19003 | Lair:4   | Noticed a five-headed hydra
 19009 | Lair:4   | Killed a five-headed hydra
 19010 | Lair:4   | Reached skill level 5 in Stealth
 19662 | Lair:4   | Noticed a boulder beetle
 19693 | Lair:4   | Killed a boulder beetle
 19886 | Lair:4   | Reached XP level 13. HP: 83/90 MP: 21/23
 19898 | Lair:4   | Reached skill level 10 in Transmutations
 20490 | Lair:1   | Identified 2 scrolls of acquirement
 20498 | Lair:1   | Acquired an amulet of reflection
 20510 | Lair:1   | Acquired a Necronomicon
 21363 | Lair:5   | Found a viscous altar of Jiyva.
 21364 | Lair:5   | Found a runed translucent door.
 21370 | Lair:5   | Found a staircase to the Slime Pits.
 21482 | Lair:5   | Reached skill level 14 in Unarmed Combat
 22236 | Lair:6   | Entered Level 6 of the Lair of Beasts
 23411 | Lair:6   | Reached XP level 14. HP: 97/97 MP: 24/27
 23618 | Lair:6   | Reached skill level 10 in Spellcasting
 24733 | Lair:6   | Noticed a dire elephant
 24735 | Lair:6   | Found the +2 shield of Resistance {rF++ rC++ Will++}
 24743 | Lair:6   | Killed a dire elephant
 25884 | D:9      | Reached skill level 5 in Shields
 26101 | D:9      | Identified the +2 trident of the Median {flame, rElec}
 26706 | D:9      | Learned a level 2 spell: Passwall
 26709 | D:9      | Learned a level 2 spell: Wereblood
 26834 | Shoals:1 | Entered Level 1 of the Shoals
 27410 | Shoals:1 | Found Ukhlepif's Antique Weapon Boutique.
 27832 | Snake:1  | Entered Level 1 of the Snake Pit
 28287 | Snake:1  | Reached XP level 15. HP: 101/101 MP: 28/30
 28301 | Snake:1  | Noticed Kirke
 28335 | Snake:1  | Killed Kirke
 28536 | Snake:1  | HP: 4/101 [naga (14)]
 28539 | Snake:1  | Reached skill level 10 in Shields
 29762 | Shoals:2 | Found a runed translucent gate.
 29802 | Shoals:2 | Identified the +1 robe of Seleg {Harm rF+}
 29991 | Shoals:2 | Found a runed translucent gate.
 30549 | Shoals:2 | Found a runed translucent gate.
 30549 | Shoals:2 | Noticed fiver49's ghost (adept VSAr)
 30954 | Snake:2  | HP: 7/151 [salamander (10)]
 31998 | Snake:2  | Shot with an arrow by a naga sharpshooter

Illustrated notes

Levels and vault maps discovered:
D:1:      dpeg_cavernosity, layout_loops_ring, serial_shops,
          nicolae_shop_overgrown_old_shop, patterned_corridor
D:2:      layout_loops_corners, kennysheep_jessica_study
D:3:      layout_rooms, minmay_misc_feat_plants
D:4:      layout_basic, lemuel_zombie_altar_kikubaaqudgha,
          minmay_temple_entry_water_ring, minmay_bisected, uniq_edmund
D:5:      layout_rooms
D:6:      layout_rooms, cheibrodos_sewer_entry_bend, serial_shops,
          nicolae_square_shop, nicolae_inconvenience_store,
          nicolae_lakefront_shop, kennysheep_mini, kennysheep_little_box,
          minmay_misc_feat_secret_circle
D:7:      layout_loops_cross, enter_ossuary_5, serial_shops, shop,
          amcnicky_mini_corridor_feature, uniq_maggie, uniq_menkaure
D:8:      layout_loops_ring, grunt_lair_entry_orc_guard_hut, serial_ice,
          serial_ice_a, serial_ice_j, serial_ice_c, serial_ice_b, uniq_harold
D:9:      layout_irregular_city
Temple:   nicolae_temple_the_god_donut
Lair:1:   layout_long_grid
Lair:2:   layout_chaotic_city, shoals_dummy_entry,
          portal_ice_cave_entry_ice_simulacra, enter_volcano_4,
          nzn_sisyphean_effort
Lair:3:   layout_roguey, guppyfry_snake_entry_garden,
          grunt_forest_large_clearing_hut, uniq_urug
Lair:4:   layout_cave_shapes, nicolae_quartered_pool_little,
          infiniplex_staircase_pool_2
Lair:5:   layout_hall_layers, slime_altar_2, special_room [special_room_bee],
          serial_bayou_shore_b
Lair:6:   grunt_lair_end_beastmaster, layout_gridlike, minmay_lair_oklob_bushes,
          hangedman_lair_generics_rect
Shoals:1: layout_shoals, serial_shops, shop_statue, nicolae_shoals_undead_eyrie
Shoals:2: layout_shoals, ebering_ghost_rock_garden
Snake:1:  cheibrodos_snake_ritualist_ritual, layout_gridlike,
          grunt_megastairs_2, uniq_kirke
Snake:2:  layout_cave_shapes, serial_bayou_lagoon_b

Skill      XL: |  1  2  3  4  5  6  7  8  9 10 11 12 13 14 15 |
---------------+----------------------------------------------+-----
Stealth        | 2 3 6 |  6.0
Fighting       | 2 3 5 6 8 9 |  9.0
Poison Magic   | 1 2 |  2.0
Transmutations | 3 6 7 8 9 11 12 | 12.0
Unarmed Combat | 5 7 9 10 11 13 14 | 14.0
Dodging        | 3 5 |  5.0
Spellcasting   | 3 4 7 9 11 | 11.0
Ice Magic      | 4 |  4.0
Shields        | 2 4 8 12 | 12.7

Action                   |  1- 3 |  4- 6 |  7- 9 | 10-12 | 13-15 || total
-------------------------+-------+-------+-------+-------+-------++-------
Melee: Dagger            |    40 |       |       |       |       ||    40
       Unarmed           |    25 |    53 |   131 |   404 |   574 ||  1187
       Kick              |    11 |     1 |     1 |     5 |       ||    18
       Constrict         |    13 |    14 |    18 |     4 |       ||    49
       Tentacles         |     9 |     7 |    15 |     5 |       ||    36
       Hand axe          |       |    53 |    74 |       |       ||   127
       Punch             |       |     1 |     4 |     1 |    21 ||    27
       Falchion          |       |       |       |    12 |       ||    12
       Tailslap          |       |       |       |       |    33 ||    33
       Bite              |       |       |       |       |    26 ||    26
 Fire: Hunting sling     |       |    70 |   143 |       |       ||   213
       Fustibalus        |       |       |       |       |     5 ||     5
 Cast: Beastly Appendage |    17 |     1 |     2 |     1 |       ||    21
       Spider Form       |     4 |     8 |    16 |     9 |       ||    37
       Ice Form          |       |       |    13 |    49 |    50 ||   112
       Blade Hands       |       |       |       |     1 |     1 ||     2
       Ozocubu's Armour  |       |       |       |       |     1 ||     1
       Dragon Form       |       |       |       |       |    22 ||    22
Invok: Potion Petition   |       |       |       |       |     5 ||     5
 Abil: Breathe Fire      |       |       |       |       |    17 ||    17
       End Transformatio |       |       |       |       |     3 ||     3
Evoke: Wand              |       |       |       |       |    12 ||    12
  Use: Scroll            |       |       |    15 |    14 |     7 ||    36
       Potion            |       |       |       |     4 |     5 ||     9
 Stab: Sleeping          |     7 |     4 |     5 |     2 |     7 ||    25
       Distracted        |     1 |       |       |     4 |     8 ||    13
Armor: Skin              |     4 |     3 |    37 |    77 |   226 ||   347
Dodge: Dodged            |    44 |    88 |   110 |   278 |   350 ||   870
Block: Other             |       |       |       |       |   126 ||   126
       Reflection        |       |       |       |       |     6 ||     6
       Buckler           |       |       |       |       |     2 ||     2
       Rpst.: Falchion   |       |       |       |     2 |       ||     2
